 Dungeon Crawl Stone Soup version 0.17-a0-1763-g847a857 (console) character file.

30277 Illiel the Archer (level 13, -3/85 HPs)
             Began as a High Elf Arcane Marksman on Sept 3, 2015.
             Was a High Priest of Okawaru.
             Slain by a fire giant
             ... wielding a +1 great sword of flaming
              (39 damage)
             ... on level 12 of the Dungeon on Sept 4, 2015.
             The game lasted 02:38:41 (20560 turns).

Illiel the Archer (High Elf Arcane Marksman)       Turns: 20560, Time: 02:38:41

Health: -3/85      AC:  3    Str: 15    XL:     13   Next: 19%
Magic:  26/26      EV: 20    Int: 20    God:    Okawaru [*****.]
Gold:   1004       SH:  0    Dex: 24    Spells: 5 memorised, 14 levels left

rFire  + . .     SeeInvis .     a - +5 longbow (flame)
rCold  + . .     Clarity  .     F - +2 robe of Seaseh {rPois}
rNeg   . . .     SustAt   .     (no shield)
rPois  +         Gourm    .     S - +0 helmet {Int+3}
rElec  .         Spirit   .     E - +1 cloak
rCorr  .         Warding  .     w - +2 pair of gloves {archery}
rMut   .         Stasis   .     (no boots)
MR     +....                    Y - amulet of regeneration
Stlth  +++++.....               B - ring "Meunapt" {*Corrode rC+ Str+5 Dex+3 Stlth+}
                                U - ring of protection from fire

@: corroded equipment, somewhat resistant to hostile enchantments, quite
stealthy
A: no striking features
a: Heroism, Finesse, Renounce Religion


You were on level 12 of the Dungeon.
You worshipped Okawaru.
Okawaru was extremely pleased with you.
You were not hungry.

You visited 3 branches of the dungeon, and saw 17 of its levels.
You also visited: Ossuary and Ice Cave.

You collected 1004 gold pieces.

Inventory:

Hand weapons
 a - a +5 longbow of flaming (weapon)
 b - a +1 long sword of slicing
 h - a +2 scimitar of holy wrath
Missiles
 f - 114 arrows (quivered)
 M - 4 poisoned arrows
 W - 21 arrows of frost
 Z - 26 arrows of dispersal
Armour
 g - a +1 ring mail of magic resistance
 q - the +0 hat of the Trees {rN++}
   (Okawaru gifted it to you on level 2 of the Lair of Beasts)

   It greatly protects you from negative energy.
 v - a +2 ring mail of cold resistance
 w - a +2 pair of gloves of archery (worn)
 E - a +1 cloak (worn)
 F - the +2 robe of Seaseh (worn) {rPois}
   (You found it on level 10 of the Dungeon)

   It protects you from poison.
 S - a +0 helmet of intelligence (worn)
Jewellery
 j - an uncursed ring of protection from fire
 u - an uncursed amulet of rage
 B - the ring "Meunapt" (right hand) {*Corrode rC+ Str+5 Dex+3 Stlth+}
   (You found it on level 2 of the Lair of Beasts)

   [ring of strength]

   It affects your strength (+5).
   It affects your dexterity (+3).
   It protects you from cold.
   It may corrode your equipment when you take damage.
   It makes you more stealthy.
 J - an uncursed ring of protection from fire
 U - a ring of protection from fire (left hand)
 V - a +2 ring of protection
 X - an uncursed amulet of clarity
 Y - an amulet of regeneration (around neck)
Magical devices
 e - a wand of frost (21)
 n - a wand of paralysis (13)
 K - a wand of frost (12)
 L - a wand of disintegration (11)
 N - a wand of disintegration (13)
Scrolls
 i - 3 scrolls of identify
 m - 4 scrolls of magic mapping
 x - 4 scrolls of fog
 y - 3 scrolls of immolation
 H - 5 scrolls of teleportation
 O - a scroll of torment {unknown}
 P - 6 scrolls of remove curse
 R - a scroll of recharging
Potions
 l - a potion of flight
 p - 4 potions of ambrosia
 r - 5 potions of curing
 s - 4 potions of might
 z - 4 potions of magic
 A - 3 potions of mutation
 C - a potion of haste {unknown}
 I - 3 potions of agility
Comestibles
 d - 2 bread rations
 k - a royal jelly
 o - 6 meat rations
 Q - 3 beef jerkies
 T - 2 fruits


   Skills:
 + Level 6.7 Fighting
 + Level 8.2 Long Blades
 * Level 12.3 Bows
 + Level 6.4 Armour
 + Level 7.5 Dodging
 + Level 7.1 Stealth
 + Level 8.2 Spellcasting
 + Level 7.9 Hexes
 - Level 4.0 Translocations
 - Level 4.0 Fire Magic
 * Level 3.4 Air Magic
 + Level 6.7 Invocations
 + Level 4.6 Evocations


You had 14 spell levels left.
You knew the following spells:

 Your Spells              Type           Power        Failure   Level  Hunger
a - Corona                Hex            #####..      1%          1    None
b - Slow                  Hex            #####...     1%          2    None
c - Gell's Gravitas       Hex/Tloc       ####......   1%          3    None
i - Inner Flame           Hex/Fire       ####....     1%          3    None
s - Silence               Hex/Air        ####......   24%         5    #####..


Dungeon Overview and Level Annotations

Branches:
Dungeon (12/15)            Temple (1/1) D:4            Lair (4/8) D:11
    Orc (0/4) D:12
  Swamp: Lair:3-6    Shoals: Lair:3-6     Snake: Lair:3-6    Spider: Lair:3-6

Altars:
Ashenzari
Cheibriados
Dithmenos
Elyvilon
Fedhas
Gozag
Nemelex Xobeh
Okawaru
Ru
Sif Muna
Vehumet
Xom
Yredelemnul
Zin
The Shining One

Shops:
D:4 =   D:7 =   D:12 *

Portals:
Trove: D:10 (give 23 scrolls of identify)

Annotations:
Lair:4 Josephine


Message History

You shoot an arrow. The arrow hits the fire giant!
The fire giant is severely wounded.
The fire giant casts a spell at you. The bolt of fire misses you.
Firing (i - inventory. (,) - cycle):
f - 116 arrows (quivered)
Press: ? - help, Shift-Dir - straight line, f/p - centaur
Aim: a centaur, wielding a shortbow You shoot an arrow.
The arrow barely misses the fire giant.
The arrow hits the centaur!
The arrow burns the centaur!
The centaur is almost dead.
The fire giant gestures at you while chanting.
The fireball explodes!
The fireball engulfs you! You resist.
The fireball engulfs the fire giant.
The fire giant resists.
Firing (i - inventory. (,) - cycle):
f - 115 arrows (quivered)
Press: ? - help, Shift-Dir - straight line, f/p - centaur
Aim: a centaur, wielding a shortbow (almost dead)
You shoot an arrow. The arrow hits the fire giant.
The fire giant is almost dead.
The fire giant hits you with a great sword of flaming!!!
You die...

▒∙∙▒ ⌠∙∙∙⌠∙∙##▒∙ ∙∙∙▒ ∙∙∙∙∙∙∙∙≈▒∙
▒∙∙▒ ∙∙⌠∙∙∙∙∙(▒∙ ∙∙∙▒ ∙∙∙∙∙∙C∙≈▒∙
∙∙∙▒ ⌠∙∙[⌠∙∙≈≈▒∙ ∙▒∙▒ ∙∙∙∙∙∙≈#≈▒∙
∙▒∙▒ ∙(∙∙##≈##▒∙ ∙▒∙▒ ≈∙(c≈≈###▒∙
∙∙∙▒ #≈(###≈≈≈▒∙
∙∙∙▒▒▒▒▒▒▒▒▒▒▒▒▒▒▒▒▒▒▒▒▒(▒▒▒▒▒▒▒∙
)∙∙▒≈≈#≈≈≈#≈≈≈≈≈≈▒≈≈≈#≈≈(≈≈#≈#≈▒∙
>∙∙▒≈≈#≈≈∙∙#≈≈≈≈≈▒≈≈≈≈#∙∙(≈##≈≈▒∙
∙∙∙▒≈≈≈≈∙∙∙∙∙≈≈≈≈▒≈≈≈≈∙#∙)(#≈≈≈▒∙
∙∙∙▒###∙∙∙∙#∙#≈≈#▒≈#≈∙∙∙∙∙∙(#≈≈▒∙
∙∙∙▒##∙∙⌠∙∙∙⌠∙∙≈≈▒≈#∙∙⌠∙[∙⌠#(≈≈▒<
∙∙∙▒≈#∙∙∙∙(∙∙∙∙∙≈▒##∙∙∙∙((∙∙(∙#▒∙
∙∙∙'∙∙∙∙∙∙⌠()∙∙∙@Cc#∙(∙)⌠((((∙∙▒∙
∙▒∙▒#∙#∙∙∙∙∙∙∙∙∙≈▒≈∙∙∙∙∙∙∙∙∙∙(≈▒∙
∙∙∙▒#≈#∙⌠∙∙∙⌠∙(≈≈▒≈≈∙∙⌠∙∙(⌠##≈≈▒∙
▒▒∙▒≈####∙∙∙∙∙≈≈≈▒≈≈##∙∙∙∙∙#≈≈≈▒∙
▒▒∙▒≈###∙∙∙∙∙≈#≈≈▒≈≈≈#∙∙∙∙∙≈#≈≈▒∙
▒∙∙▒≈#≈≈≈∙[∙≈≈≈#≈▒≈≈#≈≈∙∙∙≈#≈≈≈▒∙
∙∙∙▒≈≈≈≈≈≈∙#≈≈≈≈#▒≈≈≈≈≈≈∙≈≈≈#≈#▒∙
▒▒∙▒▒▒▒▒▒▒▒▒▒▒▒▒▒▒▒▒▒▒▒▒▒▒▒▒▒▒▒▒∙
▒▒∙▒▒∙∙∙∙∙∙∙∙∙∙▒∙∙∙∙∙∙▒▒▒▒▒▒▒∙∙∙∙
▒▒∙∙∙∙∙∙∙∙∙∙∙∙∙∙∙∙∙∙∙∙∙)∙∙∙∙∙!∙∙∙
∙∙∙∙∙∙∙∙∙∙∙∙∙∙∙∙∙∙∙∙∙▒▒▒▒▒∙▒▒∙∙∙∙
▒▒▒∙∙∙∙▒∙∙▒▒▒▒▒∙∙∙∙∙∙∙<∙∙∙∙▒▒∙∙∙∙
▒ ▒▒▒▒∙▒∙∙▒▒▒▒▒▒∙∙∙∙∙∙▒▒▒▒▒▒▒∙∙∙∙
▒ ▒∙∙∙∙∙∙∙∙▒▒∙∙∙∙∙∙▒ ▒▒▒▒▒
▒▒▒∙∙▒▒▒∙∙∙∙∙∙∙∙[▒▒▒▒▒▒▒▒▒▒▒
▒▒▒∙∙▒▒▒∙∙∙∙▒▒▒▒∙[∙∙∙∙∙∙∙▒▒∙
▒∙∙∙∙∙∙∙∙∙∙∙∙▒▒▒▒▒▒∙∙∙∙∙∙▒)∙


You could see a fire giant and a centaur.

Vanquished Creatures
  A hydra (Lair:3)
  An unseen horror (D:10)
  3 ice statues
  4 hill giants
  3 ugly things (D:11)
  5 elephants (Lair:2)
  A cyclops (D:11)
  2 spiny frogs
  2 komodo dragons
  A freezing wraith (Lair:2)
  5 blink frogs (Lair:2)
  2 two-headed ogres
  4 polar bears (Lair:2)
  6 trolls
  4 slime creatures (D:12)
  A shadow (D:12)
  A fire elemental (D:12)
  A spriggan (D:7)
  2 basilisks
  5 hippogriffs
  28 yaks
  2 deep elf magi (D:11)
  Menkaure (Ossuary)
  A mottled dragon (D:12)
  A steam dragon (D:12)
  2 wargs (D:11)
  Duvessa (D:5)
  4 water moccasins
  12 orc warriors
  2 wasps
  5 centaurs
  18 ice beasts
  4 sky beasts
  5 ogres
  5 crocodiles
  A big kobold (D:10)
  An elf zombie (Ossuary)
  14 giant frogs
  A gnoll sergeant (D:6)
  Dowan (D:5)
  8 killer bees
  A troll zombie (Ossuary)
  2 wyvern skeletons
  7 scorpions
  7 wights
  An electric eel (Lair:2)
  A lava snake (D:12)
  5 crimson imps
  6 centaur zombies
  A giant frog skeleton (D:11)
  4 jellies
  9 orc priests
  A gnoll shaman (D:3)
  2 human zombies (Ossuary)
  Crazy Yiuf (D:5)
  Ijyb (D:2)
  14 orc wizards
  3 centaur skeletons
  3 giant frog zombies
  5 hounds
  5 worker ants
  5 iguanas
  A killer bee zombie (D:6)
  2 ogre zombies (Ossuary)
  6 sheep (Lair:3)
  A big kobold zombie (Ossuary)
  2 hound zombies
  6 mummies (Ossuary)
  3 worker ant zombies
  12 gnolls
  11 adders
  2 shadow imps
  5 white imps (Lair:2)
  3 oozes
  2 adder skeletons
  4 adder zombies
  3 worms
  6 giant geckos
  51 orcs
  4 giant cockroaches
  A gnoll zombie (Ossuary)
  8 goblins
  4 hobgoblins
  8 jackals
  9 kobolds
  3 quokkas
  A ball python (D:2)
  5 bats
  3 giant gecko skeletons
  4 giant newts
  3 goblin zombies (Ossuary)
  7 hobgoblin zombies (Ossuary)
  A jackal zombie (D:5)
  4 kobold zombies (Ossuary)
  2 quokka skeletons
  2 quokka zombies (Ossuary)
  9 rats
  A rat zombie (Ossuary)
454 creatures vanquished.

Vanquished Creatures (others)
  A yak (D:9)
  5 fungi (Lair:2)
6 creatures vanquished.

Grand Total: 460 creatures vanquished

Notes
Turn   | Place    | Note
--------------------------------------------------------------
     0 | D:1      | Illiel the High Elf Arcane Marksman began the quest for the Orb.
     0 | D:1      | Reached XP level 1. HP: 13/13 MP: 3/3
   205 | D:1      | Reached XP level 2. HP: 18/18 MP: 3/5
   295 | D:1      | You fall through a shaft!
   430 | D:2      | Learned a level 2 spell: Slow
   486 | D:2      | Found a sparkling altar of Nemelex Xobeh.
   488 | D:2      | Reached XP level 3. HP: 23/23 MP: 5/7
   809 | D:2      | Learned a level 3 spell: Inner Flame
  1068 | D:2      | Noticed Ijyb
  1092 | D:2      | Killed Ijyb
  1092 | D:2      | Reached skill level 4 in Bows
  1092 | D:2      | Reached XP level 4. HP: 26/28 MP: 5/8
  1551 | D:3      | Found a blossoming altar of Fedhas.
  1773 | D:3      | Reached skill level 1 in Fire Magic
  1773 | D:3      | Reached XP level 5. HP: 33/33 MP: 8/10
  2239 | D:3      | Reached skill level 1 in Armour
  2499 | D:3      | Found a radiant altar of Vehumet.
  2515 | D:4      | Found Dolied's Jewellery Emporium.
  2527 | D:4      | Reached XP level 6. HP: 35/38 MP: 6/12
  3218 | D:5      | Entered Level 5 of the Dungeon
  3229 | D:5      | Found a sand-covered staircase.
  3237 | Ossuary  | Entered an ossuary
  4048 | Ossuary  | Reached skill level 5 in Hexes
  4506 | Ossuary  | Reached XP level 7. HP: 26/43 MP: 11/14
  5115 | Ossuary  | Noticed Menkaure
  5396 | Ossuary  | Killed Menkaure
  5396 | Ossuary  | Reached skill level 1 in Long Blades
  5452 | Ossuary  | Reached skill level 5 in Bows
  6309 | D:4      | Found a staircase to the Ecumenical Temple.
  6381 | Temple   | Entered the Ecumenical Temple
  6537 | Temple   | Became a worshipper of Warmaster Okawaru
  6910 | D:4      | Reached XP level 8. HP: 44/50 MP: 11/15
  7094 | D:5      | Noticed Duvessa
  7129 | D:5      | Reached skill level 6 in Bows
  7293 | D:5      | Killed Duvessa
  7300 | D:5      | Noticed Dowan
  7319 | D:5      | Killed Dowan
  7375 | D:5      | Noticed Crazy Yiuf
  7400 | D:5      | Killed Crazy Yiuf
  7442 | D:5      | Got a polished hammer
  7443 | D:5      | Identified the cursed +1 hammer of Rierytry {vamp, *Rage rPois rN+} (You found it on level 5 of the Dungeon)
  7561 | D:5      | Acquired Okawaru's first power
  7613 | D:5      | Reached skill level 1 in Invocations
  7665 | D:6      | Found a sparkling altar of Nemelex Xobeh.
  7736 | D:6      | Reached skill level 1 in Stealth
  8140 | D:6      | bear: вфе учзщышщт
  8140 | D:6      | bear: dat explosion
  8140 | D:6      | bear: wat was that?
  8293 | D:6      | Reached skill level 7 in Bows
  8298 | D:6      | Learned a level 3 spell: Gell's Gravitas
  8545 | D:6      | Reached XP level 9. HP: 50/56 MP: 17/17
  8614 | D:6      | Reached skill level 5 in Spellcasting
  8670 | D:6      | Reached skill level 1 in Translocations
  9411 | D:7      | Found a sacrificial altar of Ru.
  9414 | D:7      | Found a shattered altar of Ashenzari.
  9420 | D:7      | Found a shimmering altar of Xom.
  9509 | D:7      | Upgraded the game from 0.17-a0-1760-ga6756ae to 0.17-a0-1763-g847a857
  9819 | D:7      | Found Leribad's Jewellery Boutique.
 10451 | D:8      | Reached skill level 8 in Bows
 10522 | D:8      | You fall through a shaft for 2 floors!
 10522 | D:10     | Entered Level 10 of the Dungeon
 11268 | D:8      | Reached XP level 10. HP: 58/63 MP: 13/19
 12515 | D:9      | Reached skill level 5 in Long Blades
 12515 | D:9      | Reached skill level 1 in Evocations
 12811 | D:9      | Received a gift from Okawaru
 13105 | D:9      | Reached skill level 5 in Dodging
 13410 | D:10     | Found a portal to a secret trove of treasure.
 13484 | D:10     | Reached skill level 9 in Bows
 13683 | D:10     | Got a distressingly furry robe
 13694 | D:10     | Identified the +2 robe of Seaseh {rPois} (You found it on level 10 of the Dungeon)
 13697 | D:10     | Identified a scroll of acquirement
 13958 | D:10     | Reached skill level 5 in Armour
 14126 | D:10     | Noticed a centaur skeleton
 14141 | D:10     | Killed a centaur skeleton
 14254 | D:10     | Noticed an unseen horror
 14267 | D:10     | Killed an unseen horror
 14494 | D:11     | Noticed a hill giant
 14513 | D:11     | Killed a hill giant
 14513 | D:11     | Acquired Okawaru's second power
 14513 | D:11     | Received a gift from Okawaru
 14513 | D:11     | Reached XP level 11. HP: 70/70 MP: 14/20
 14566 | D:11     | Received a gift from Okawaru
 14579 | D:11     | Found a staircase to the Lair.
 14757 | Lair:1   | Entered Level 1 of the Lair of Beasts
 15073 | D:11     | Reached skill level 5 in Fighting
 15363 | D:11     | Reached skill level 5 in Stealth
 15415 | D:11     | Noticed a cyan ugly thing
 15418 | D:11     | Noticed a cyclops
 15452 | D:11     | Killed a cyan ugly thing
 15452 | D:11     | Received a gift from Okawaru
 15660 | Lair:1   | Reached skill level 10 in Bows
 16468 | Lair:2   | Noticed an ice statue
 16477 | Lair:2   | Killed an ice statue
 16477 | Lair:2   | Reached skill level 5 in Invocations
 16693 | Lair:2   | Got a warped glaive
 16728 | Lair:2   | Got a flickering turquoise ring
 16730 | Lair:2   | Identified the ring "Meunapt" {*Corrode rC+ Str+5 Dex+3 Stlth+} (You found it on level 2 of the Lair of Beasts)
 16735 | Lair:2   | Identified the +11 glaive of the Fifty Nights {drain, *Drain +Fly Str+5} (You found it on level 2 of the Lair of Beasts)
 16744 | Lair:3   | Noticed a five-headed hydra
 16770 | Lair:3   | Found a frozen archway.
 16780 | IceCv    | Entered an ice cave
 16887 | IceCv    | Noticed an ice statue
 16887 | IceCv    | Noticed an ice statue
 16905 | IceCv    | Killed an ice statue
 16920 | IceCv    | Killed an ice statue
 16920 | IceCv    | Reached XP level 12. HP: 72/77 MP: 23/23
 17020 | Lair:2   | Received a gift from Okawaru
 17021 | Lair:2   | Got an ichor-stained hat {god gift}
 17037 | Lair:2   | Identified the +0 hat of the Trees {rN++} (Okawaru gifted it to you on level 2 of the Lair of Beasts)
 17219 | Lair:2   | Reached skill level 11 in Bows
 17969 | Lair:3   | Killed a five-headed hydra
 18635 | Lair:4   | Noticed Josephine
 18731 | Lair:1   | Learned a level 5 spell: Silence
 18756 | D:11     | Noticed a green ugly thing
 18760 | D:11     | Killed a green ugly thing
 18873 | D:11     | Noticed an unseen horror
 18907 | D:11     | Reached skill level 1 in Air Magic
 18971 | D:11     | Noticed a purple ugly thing
 18983 | D:11     | Killed a purple ugly thing
 18983 | D:11     | Reached skill level 12 in Bows
 18991 | D:11     | Noticed a hill giant
 19021 | D:11     | Killed a hill giant
 19228 | D:11     | Killed a cyclops
 19269 | D:11     | Received a gift from Okawaru
 19574 | D:12     | Found Ychy's Assorted Antiques.
 19601 | D:12     | Reached XP level 13. HP: 84/84 MP: 20/26
 19750 | D:12     | Found a staircase to the Orcish Mines.
 20400 | D:12     | Noticed a fire giant
 20415 | D:12     | Noticed a fire giant
 20560 | D:12     | Slain by a fire giant

Vault maps used:
D:1:      elethiomel_arrival_infinity_welcomes_careful_drivers
D:2:      nemelex_xobeh_ov_fountains_minmay, first_bread, uniq_iyjb
D:3:      nicolae_overflow_hidden_temple, fedhas_altar_1
D:4:      minmay_temple_entry_enclosed_plants, serial_shops, shop
D:5:      nicolae_ossuary_entry_ruins, uniq_duvessa, uniq_crazy_yiuf_cottage
D:6:      grunt_ministairs_2, hangedman_abyss_or_decor_stagger,
          nemelex_lonely_heart_becter
D:7:      grunt_temple_overflow_open, serial_shops, shop, the_bakery
D:9:      serial_glass, glass_columns_a, glass_columns_a
D:10:     nicolae_trove_entry_free_sample
D:11:     erik_lair_orcish_takeover, minmay_misc_feat_iff,
          kennysheep_decorative_pillar
D:12:     kennysheep_four_of_diamonds, david_orc_4, serial_shops, shop
Temple:   chambers_temple_14
Lair:2:   serial_bayou_pond_d, ice2_lemuel, serial_bayou_shore_a
Lair:3:   portal_ice_cave_entry_ice_beasts
Lair:4:   elwin_shoals_entry_rocks, beast_lair_carwin_8, uniq_maud, uniq_rupert,
          uniq_josephine
Ossuary:  ossuary_boxes_badplayer
IceCv:    ice_cave_statue_garden_01

Action                   |  1- 3 |  4- 6 |  7- 9 | 10-12 | 13-15 || total
-------------------------+-------+-------+-------+-------+-------++-------
Melee: Dagger            |    48 |    87 |   137 |    40 |       ||   312
       Falchion          |       |   174 |   200 |    75 |       ||   449
       Long sword        |       |       |    48 |   165 |     3 ||   216
       Shortbow          |       |       |       |     1 |       ||     1
       Scimitar          |       |       |       |       |     1 ||     1
 Fire: Shortbow          |    50 |    29 |   327 |   197 |       ||   603
       Longbow           |       |       |       |   372 |   114 ||   486
 Cast: Corona            |    27 |    51 |   108 |    66 |     8 ||   260
       Slow              |     1 |    13 |   118 |   107 |    11 ||   250
       Inner Flame       |       |       |    13 |    31 |     2 ||    46
       Gell's Gravitas   |       |       |     1 |     2 |       ||     3
Invok: Heroism           |       |       |       |     5 |       ||     5
Evoke: Wand              |       |       |       |     1 |     1 ||     2
  Use: Potion            |     1 |     2 |     4 |     8 |     2 ||    17
       Scroll            |       |    10 |     4 |    22 |     3 ||    39
 Stab: Sleeping          |     1 |       |       |     1 |       ||     2
  Eat: Chunk             |     1 |     7 |    20 |    28 |     4 ||    60
       Bread ration      |       |     1 |     1 |       |       ||     2
       Pizza             |       |       |     1 |       |       ||     1
       Fruit             |       |       |       |     2 |       ||     2
       Beef jerky        |       |       |       |     1 |       ||     1
